 Dungeon Crawl Stone Soup version 0.24-a0-235-g3f03afc (webtiles) character file.

Game seed: 13117244352866398315

276 tatocazan the Chucker (level 6, -3/88 HPs)
             Began as a Troll Hunter on Apr 6, 2019.
             Slain by an orc
             ... wielding a +0 short sword
              (6 damage)
             ... on level 3 of the Dungeon.
             The game lasted 00:07:29 (2773 turns).

tatocazan the Chucker (Troll Hunter)                Turns: 2773, Time: 00:07:29

Health: -3/88      AC:  7    Str: 26    XL:     6   Next: 4%
Magic:  5/5        EV: 11    Int:  7    God:
Gold:   219        SH:  0    Dex: 12    Spells: 5/5 levels left

rFire    . . .     SeeInvis .     - Unarmed
rCold    . . .     Gourm    +   (no shield)
rNeg     . . .     Faith    .   b - +0 robe
rPois    .         Spirit   .   v - +1 hat
rElec    .         Reflect  .   (no cloak)
rCorr    +         Harm     .   (gloves unavailable)
MR       +....                  (boots unavailable)
Stlth    ..........             (no amulet)
HPRegen  0.64/turn              n - ring of resist corrosion
MPRegen  0.09/turn              s - ring of protection from magic (curse)

@: berserking, very quick
A: large, unfitting armour, claws 3, fast metabolism 3, gourmand, regeneration
1, shaggy fur 1, tough skin 3
a: no special abilities


You were on level 3 of the Dungeon.
You were very full.

You visited 1 branch of the dungeon, and saw 3 of its levels.
You also visited: Sewer.

You collected 219 gold pieces.

Inventory:

Hand Weapons
 a - a +0 short sword
Missiles
 c - 6 large rocks (quivered)
 d - 3 throwing nets
Armour
 b - a +0 robe (worn)
 v - a +1 hat (worn)
Jewellery
 n - a ring of resist corrosion (left claw)
 s - a cursed ring of protection from magic (right claw)
 y - a +1 ring of protection {unknown}
Wands
 m - a wand of flame (14)
Scrolls
 j - 2 scrolls of remove curse {unknown}
 l - 2 scrolls of fear
 p - 2 scrolls of fog {unknown}
 q - 2 scrolls of teleportation {unknown}
 r - a scroll of amnesia {unknown}
 t - a scroll of noise {unknown}
 x - 2 scrolls of identify
Potions
 e - 3 potions of degeneration {unknown}
 g - a potion of cancellation
 h - 3 potions of invisibility
 i - a potion of resistance
 k - a potion of might {unknown}
 o - a potion of ambrosia {unknown}
 u - a potion of berserk rage
 w - 2 potions of flight
 z - a potion of curing {unknown}
Comestibles
 f - 5 rations
 A - 6 chunks of flesh


   Skills:
 + Level 2.9 Fighting
 + Level 4.6 Throwing
 + Level 2.9 Dodging
 - Level 0.3 Stealth
 + Level 2.8 Unarmed Combat


You had 5 spell levels left.
You didn't know any spells.
Your spell library was empty.

Dungeon Overview and Level Annotations

Branches:
Dungeon (3/15)

Altars:
Ashenzari
Xom


Innate Abilities, Weirdness & Mutations

You are too large for most types of armour.
You have claws for hands.
Your metabolism is lightning-fast.
You like to eat raw meat.
Your natural rate of healing is unusually fast.
You are covered in fur. (AC +1)
You have extremely tough skin. (AC +3)


Message History

You closely miss the orc priest.
The orc priest is heavily wounded.
The hobgoblin hits you but does no damage.
The orc priest hits you.
* * * LOW HITPOINT WARNING * * *
The orc barely misses you.
You take 5 damage, and have 2/78 hp.
You claw the orc priest!
You kill the orc priest!
You have reached level 6!
Your experience leads to an increase in your attributes!
Your base attributes are Str 20, Int 7, Dex 11.
Increase (S)trength, (I)ntelligence, or (D)exterity?
You feel agile.
You feel stronger.
Some of the chunks of flesh in your inventory have rotted away.
MP restored: 5 You barely miss the hobgoblin.
The hobgoblin hits you but does no damage.
The orc hits you with a +0 short sword.
You die...

'#.............))).....
(.........###...........
..........+.'...........
..........###...........
..........# #...........
..........# #....#......
..........###..).#......
.......go.+.'....+......
.......@..###....#......
..........###....#......
.................#...>..
........................
#+#.....................
..................#####
....###......#######
.... #......# #......#


You could see an orc and a hobgoblin.

Vanquished Creatures
  3 orc priests (D:3)
  Robin (D:3)
  6 adders
  3 oozes
  3 worms
  2 dart slugs
  4 leopard geckos
  6 orcs (D:3)
  3 ball pythons
  4 giant cockroaches
  11 goblins
  9 hobgoblins
  5 jackals
  8 kobolds
  9 bats
  8 frilled lizards
  2 rats (D:3)
87 creatures vanquished.

Notes
Turn   | Place    | Note
-------+----------+-------------------------------------------
     0 | D:1      | tatocazan the Troll Hunter began the quest for the Orb.
     0 | D:1      | Reached XP level 1. HP: 19/19 MP: 0/0
   151 | D:1      | Reached XP level 2. HP: 28/28 MP: 1/1
   582 | D:1      | Reached skill level 1 in Unarmed Combat
   918 | D:2      | Reached XP level 3. HP: 35/35 MP: 2/2
   922 | D:2      | Found a shattered altar of Ashenzari.
  1112 | D:2      | Reached skill level 4 in Throwing
  1143 | D:2      | Found a shimmering altar of Xom.
  1182 | D:2      | Found a shimmering altar of Xom.
  1182 | D:2      | Found a shimmering altar of Xom.
  1185 | D:2      | Found a shimmering altar of Xom.
  1389 | D:3      | Noticed Robin
  1409 | D:2      | Reached XP level 4. HP: 35/42 MP: 3/3
  1432 | D:3      | Killed Robin
  1689 | D:3      | Found a glowing drain.
  1708 | Sewer    | Entered a sewer
  2161 | Sewer    | Reached XP level 5. HP: 50/50 MP: 4/4
  2771 | D:3      | HP: 2/78 [orc priest (5)]
  2772 | D:3      | Reached XP level 6. HP: 2/59 MP: 5/5
  2773 | D:3      | Slain by an orc

Levels and vault maps discovered:
D:1:      lightli_arrival_lavapool, layout_loops_cross
D:2:      layout_basic, xom_redecorated, evilmike_ruin_ashenzari,
          chequers_serial_rivers_micro_b
D:3:      layout_basic, cheibrodos_sewer_entry_drain, minmay_starry_boxes,
          uniq_robin
Sewer:    sewer_fruit_machine

Skill      XL: |  1  2  3  4 |
---------------+-------------+-----
Unarmed Combat | 1 2 |  2.8
Fighting       | 2 |  2.9
Dodging        | 2 |  2.9
Throwing       | 4 |  4.6
Stealth        | |  0.3

Action                   |  1- 3 |  4- 6 || total
-------------------------+-------+-------++-------
Melee: Unarmed           |   109 |   180 ||   289
       Punch             |       |     4 ||     4
Throw: Large rock        |       |     7 ||     7
  Use: Scroll            |       |     6 ||     6
       Potion            |       |     2 ||     2
 Stab: Sleeping          |     1 |       ||     1
  Eat: Chunk             |    18 |    14 ||    32
Armor: Robe              |    31 |   106 ||   137
Dodge: Dodged            |    56 |   145 ||   201

Table legend:
 A = Non-vault XP
 B = Vault XP
 C = Vault XP percentage of total XP
 D = Non-vault monster count
 E = Vault monster count
 F = Vault count percentage of total count
                 A         B        C        D         E       F
            +---------+---------+-------+---------+---------+-------
      Total |     274 |     121 |  30.6 |      49 |      38 |  43.7
            +---------+---------+-------+---------+---------+-------
        D:1 |      31 |       0 |   0.0 |      16 |       0 |   0.0
        D:2 |      61 |      17 |  21.8 |      15 |       3 |  16.7
        D:3 |     182 |      56 |  23.5 |      18 |      16 |  47.1
      Sewer |       0 |      48 | 100.0 |       0 |      19 | 100.0
            +---------+---------+-------+---------+---------+-------
